Unix NetHack Version 5.0.0-0 post-release - last build May 17 2026 04:57:42 (dc50c8380fa5e20985bfe3072449f57b8d9895ef,branch:main).

Game began 2026-05-18 09:21:44, ended 2026-05-19 08:24:08.

1212459919, neutral male human Barbarian

                                ----
                               --..|
                               |...--
                               |....----
                               |.......|
                            ----...<...|         -----             |
                          -...........---------- .*..      ........--
                          -----.......................................-
                  --  ----  |........------.....--------              |
                  |.---..-- |.........---.......---  |
               - --....*..| |........................---    -
               |........).| --....%...............(.........|
               -----...*..----.*...------...................-
                   |.%u@....|....---     - ......--- |   .....^......
                   --.....%G.%..--          .....|             .............
                    --..........|             ...|                  |   ......|
                     --N..--....|              ..-                      --
                      --------.--               ..
                             ...                --
                            -----

1212459919 the Bandit      St:16 Dx:17 Co:18 In:8 Wi:9 Ch:7  Neutral
Dlvl:8  $:114 HP:0(71) Pw:19(19) AC:1  Xp:7 T:3581 

Latest messages:
 You miss the dwarf.
 The dwarf thrusts his dwarvish short sword.
 The dwarf hits!
 You miss the dwarf.
 The baby blue dragon picks up a violet gem.
 You miss the dwarf.
 The dwarf thrusts his dwarvish short sword.
 The dwarf hits!
 You miss the dwarf.
 The baby blue dragon bites!
 You see here a dwarvish spear.
 The baby blue dragon bites!
 You smite the baby blue dragon!
 The baby blue dragon bites!
 You smite the baby blue dragon!
 The baby blue dragon bites!
 The black naga spits venom!
 You are almost hit by a splash of venom.
 The dwarf picks up a dwarvish spear.
 Something smells moldy.
 The gnome picks up 8 rocks.
 You smite the baby blue dragon!
 The baby blue dragon bites!
 You kill the baby blue dragon!
 The gnome picks up a hooked polearm.
 The black naga spits venom!
 You are hit by a splash of venom.
 It burns!
 You hear the howling of the CwnAnnwn...
 Are you waiting to get hit?  Use 'm' prefix to force a no-op (to rest).
 Are you waiting to get hit?  Use 'm' prefix to force a no-op (to rest).
 Are you waiting to get hit?  Use 'm' prefix to force a no-op (to rest).
 You kill the gnome!
 The gnome just misses!
 You smite the gnome!
 You kill the gnome!
 The gnome shoots an arrow!
 An arrow misses you.
 The black naga spits venom!
 A splash of venom misses you.
 The black naga spits venom!
 You are hit by a splash of venom!
 It burns!
 The pony kicks!
 You die...
 Do you want your possessions identified? [ynq] (y) y
 Do you want to see your attributes? [ynq] (y) y
 Do you want an account of creatures vanquished? [ynaq] (y) y
 Do you want to see your conduct and achievements? [ynq] (y) y
 Do you want to see the dungeon overview? [ynq] (y) y

Inventory:
 Coins    ('$')
  $ - 114 gold pieces
 Weapons  (')')
  t - a +0 arrow
  u - a +0 dwarvish spear
  k - a +0 elven dagger
  j - a +0 aklys
  o - a +0 aklys
  b - a +0 axe (alternate weapon; not wielded)
  a - a blessed +0 two-handed sword (weapon in hands)
 Armor    ('[')
  c - an uncursed +0 orcish helm (being worn)
  x - a cursed +0 orcish helm
  l - a blessed +0 pair of iron shoes (being worn)
  w - an uncursed +5 dwarvish mithril-coat
  p - an uncursed +0 dwarvish mithril-coat (being worn)
 Comestibles  ('%')
  i - 2 uncursed slime molds
 Spellbooks  ('+')
  g - an uncursed spellbook of healing
 Rings    ('=')
  h - an uncursed ring of regeneration
 Tools    ('(')
  s - an uncursed blindfold
  n - a +0 pick-axe
  y - an uncursed skeleton key
  m - 3 uncursed tallow candles
  q - an uncursed partly used tallow candle
  e - an uncursed partly used wax candle (lit)
  f - an uncursed wax candle

1212459919 the Barbarian's attributes:

Background:
 You were a Bandit, a level 7 male human Barbarian.
 You were neutral, nominally on a mission for Crom
 who was opposed by Mitra (lawful) and Set (chaotic).
 You were right-handed.
 You were in the Gnomish Mines, on level 8.
 You entered the dungeon 3581 turns ago.
 There was a new moon in effect when your adventure ended.
 You had 854 experience points, 426 more were needed to attain level 8.

Basics:
 You had 0 out of 71 hit points.
 You had all 19 energy points (spell power).
 Your armor class was 1.
 Your wallet contained 114 zorkmids.
 Autopickup was off.

Final Characteristics:
 Your strength was 16 (peak:17, limit:18/100).
 Your dexterity was 17 (limit:18).
 Your constitution was 18 (limit:18).
 Your intelligence was 8 (limit:18).
 Your wisdom was 9 (limit:18).
 Your charisma was 7 (limit:18).

Final Status:
 You weren't hungry.
 You were unencumbered.
 You were wielding a two-handed sword.
 You had basic skill with two-handed sword and could have enhanced that.

Final Attributes:
 You were piously aligned.
 You were poison resistant.
 You were guarded.
 You were fast.
 You are dead.

Miscellaneous:
 You didn't encounter any bones levels.
 Total elapsed playing time was 49 minutes and 26 seconds.

Major events:
 Turn
    1: 1212459919 the neutral male human Barbarian entered the dungeon
  794: attained the rank of Pillager (level 3)
  959: entered the Gnomish Mines
 2007: reached Mine Town
 2178: attained the rank of Bandit (level 6)
 3581: killed by a pony

You didn't know any spells.

Skills:
 Fighting Skills
   bare handed combat [Basic]
   two weapon combat  [Unskilled]
   riding             [Unskilled]
 Weapon Skills
   dagger             [Unskilled]
   axe                [Basic]
   pick-axe           [Unskilled]
   short sword        [Unskilled]
   broadsword         [Unskilled]
   long sword         [Unskilled]
   two-handed sword   [Basic]
   saber              [Unskilled]
   club               [Unskilled]
   mace               [Unskilled]
   morning star       [Unskilled]
   flail              [Unskilled]
   hammer             [Unskilled]
   quarterstaff       [Unskilled]
   spear              [Unskilled]
   trident            [Unskilled]
   bow                [Unskilled]
 Spellcasting Skills
   attack spells      [Unskilled]
   escape spells      [Unskilled]

Voluntary challenges:
 Character rerolling was not enabled.
 You were an atheist.
 You never genocided any monsters.
 You never polymorphed an object.
 You never changed form.
 You used no wishes.
Achievements:
 You entered a shop.
 You attained the rank of Pillager.
 You entered the Gnomish Mines.
 You entered Minetown.
 You attained the rank of Bandit.

 The Dungeons of Doom: levels 1 to 3
    Level 1:
       A fountain, some sinks.
    Level 2:
       A potion shop, a fountain.
    Level 3:
       A weapon shop.
       Stairs down to The Gnomish Mines.
 The Gnomish Mines: levels 4 to 8
    Level 4:
    Level 5:
    Level 6:
       An altar, a fountain.
    Level 7:
    Level 8: <- You were here.
       Final resting place for
          you, killed by a pony.


Vanquished creatures:
  a baby blue dragon
 an orc-captain
  a giant spider
  a lizard
  a blue jelly
  a dust vortex
  a bugbear
  a Mordor orc
  4 gnome leaders
  a gnomish wizard
  6 dwarves
  a kobold shaman
  5 hill orcs
  3 rothes
  a rabid rat
  3 orc zombies
  a wererat
  a werejackal
 an iguana
 an acid blob
  2 hobbits
  a large kobold
  2 cave spiders
 30 gnomes
  a gecko
  3 jackals
  a fox
  2 kobolds
  a sewer rat
  2 grid bugs
  4 lichens
  2 kobold zombies
  3 newts
90 creatures vanquished.

No species were genocided or became extinct.

Game over:
                       ----------
                      /          \
                     /    REST    \
                    /      IN      \
                   /     PEACE      \
                  /                  \
                  |    1212459919    |
                  |      114 Au      |
                  | killed by a pony |
                  |                  |
                  |                  |
                  |                  |
                  |       2026       |
                 *|     *  *  *      | *
        _________)/\\_//(\/(/\)/\//\/|_)_______

Goodbye 1212459919 the Barbarian...

You died in The Gnomish Mines on dungeon level 8 with 3869 points,
and 114 pieces of gold, after 3581 moves.
You were level 7 with a maximum of 71 hit points when you died.

